 Dungeon Crawl Stone Soup version 0.31-a0-1-g4198be8af4 (webtiles) character file.

Game seed: 16040876346843132035

1475 Darkkill the Shooter (level 8, -1/71 HPs)
             Began as a Minotaur Hunter on May 2, 2023.
             Slain by a gnoll sergeant
             ... wielding a +0 trident
              (13 damage)
             ... on level 6 of the Dungeon.
             The game lasted 00:07:12 (4736 turns).

Darkkill the Shooter (Minotaur Hunter)              Turns: 4736, Time: 00:07:13

Health: -1/71      AC:  6    Str: 16    XL:     8   Next: 49%
Magic:  7/7        EV: 14    Int:  6    God:
Gold:   1337       SH:  0    Dex: 16    Spells: 7/7 levels left

rFire   . . .        a - +0 shortbow
rCold   . . .        (shield currently unavailable)
rNeg    . . .        c - +0 leather armour
rPois   .            g - +2 hat
rElec   .            d - +0 cloak
rCorr   .            (no gloves)
SInv    .            (no boots)
Will    .....        (no amulet)
Stlth   +++          (no ring)
HPRegen 0.31/turn    (no ring)
MPRegen 0.10/turn

%: no passive effects
@: no status effects
A: horns 2, retaliatory headbutt
a: no special abilities


You were on level 6 of the Dungeon.
You visited 1 branch of the dungeon, and saw 6 of its levels.
You also visited: Ossuary.

You collected 1337 gold pieces.

Inventory:

Hand Weapons
 a - a +0 shortbow (weapon)
Missiles
 f - 2 atropa-tipped darts
 l - 21 stones
 m - 6 poisoned darts
Armour
 c - a +0 leather armour (worn)
 d - a +0 cloak (worn)
 g - a +2 hat (worn)
 u - the orb of Existentialism {light, Regen+}
   (You found it on level 5 of the Dungeon)

   Regen:     It increases your rate of health regeneration.
Wands
 n - a wand of paralysis (17)
 v - a wand of flame (14)
Scrolls
 b - a scroll of immolation
 e - 2 scrolls of poison
 q - a scroll of magic mapping
 s - a scroll of amnesia
Potions
 h - a potion of cancellation
 i - a potion of brilliance
 j - a potion of berserk rage
 k - a potion of ambrosia
 p - 2 potions of attraction
 r - 3 potions of magic
 z - a potion of resistance
 A - a potion of degeneration


   Skills:
 + Level 6.7 Fighting
 + Level 7.3 Ranged Weapons
 + Level 6.1 Dodging
 + Level 4.8 Stealth


You had 7 spell levels left.
You didn't know any spells.
Your spell library contained the following spells:

 Spells                   Type           Power      Damage    Failure   Level
 Simulacrum               Ice/Necr       0%         N/A       100%        6
 Malign Gateway           Summ/Tloc      0%         N/A       100%        7
 Ozocubu's Refrigeration  Ice            0%         4d7       100%        7
 Summon Horrible Things   Summ           0%         N/A       100%        8
 Polar Vortex             Ice            0%         N/A       100%        9


Dungeon Overview and Level Annotations

Branches:
Dungeon (6/15)            Ossuary (visited)
 Temple: D:4-7

Altars:
Nemelex Xobeh
Okawaru
Qazlal
The Shining One

Annotations:
D:2 1 runed translucent door, Crazy Yiuf
D:4 2 transporters


Innate Abilities, Weirdness & Mutations

You have a pair of horns on your head.
You reflexively headbutt those who attack you in melee.


Message History

A - a potion of degeneration The gnoll closely misses you.
The gnoll misses you. The gnoll sergeant closely misses you.
The gnoll misses you.
You feel better.
The gnoll hits you but does no damage. x2
The gnoll completely misses you. You furiously retaliate!
You headbutt the gnoll!
You kill the gnoll!
The gnoll sergeant barely misses you. The hobgoblin misses you.
The gnoll misses you. You furiously retaliate!
You headbutt the gnoll. The hobgoblin completely misses you.
You furiously retaliate!
You headbutt the hobgoblin!
You kill the hobgoblin!
The gnoll sergeant hits you from afar with a +0 trident!
Things that are here:
a +0 flail; a gnoll corpse You shoot an arrow.
The arrow hits the gnoll but does no damage.
The hobgoblin closely misses you. The gnoll closely misses you.
You furiously retaliate!
You headbutt the gnoll.
The gnoll sergeant hits you from afar with a +0 trident!
The gnoll hits you but does no damage. The hobgoblin misses you.
You shoot an arrow. The arrow hits the gnoll.
The gnoll is moderately wounded.
The hobgoblin hits you from afar with a +0 scythe.
The gnoll misses you. The hobgoblin misses you. The gnoll sergeant misses you.
The gnoll misses you.
Fire: a) +0 shortbow
Press: ? - help, Q - select action, (/) - cycle Shift-Dir - straight line, f - hobgoblin, p - gnoll
Aim: a hobgoblin, wielding a +0 scythe and wearing a +0 robe (66% to hit)
You shoot an arrow. The arrow hits the hobgoblin.
You kill the hobgoblin!
The hobgoblin misses you. The gnoll barely misses you.
The gnoll sergeant misses you. The gnoll hits you with a +0 whip.
Fire: a) +0 shortbow
Press: ? - help, Q - select action, (/) - cycle Shift-Dir - straight line, f - hobgoblin
Aim: a hobgoblin, wielding a +0 scythe and wearing a +0 robe (66% to hit)
You shoot an arrow. The arrow closely misses the hobgoblin.
The hobgoblin barely misses you. The gnoll barely misses you.
The gnoll sergeant closely misses you. The gnoll closely misses you.
You furiously retaliate!
You headbutt the gnoll!
You kill the gnoll!
Fire: a) +0 shortbow
Press: ? - help, Q - select action, (/) - cycle Shift-Dir - straight line, f/p - hobgoblin
Aim: a hobgoblin, wielding a +0 scythe and wearing a +0 robe (66% to hit)
You shoot an arrow. The arrow hits the hobgoblin.
The hobgoblin is lightly wounded.
The hobgoblin hits you from afar with a +0 scythe.
The gnoll barely misses you. The gnoll sergeant misses you.
Fire: a) +0 shortbow
Press: ? - help, Q - select action, (/) - cycle Shift-Dir - straight line, f/p - hobgoblin
Aim: a hobgoblin, wielding a +0 scythe and wearing a +0 robe (lightly wounded, 66% to hit)
You shoot an arrow. The arrow hits the hobgoblin.
You kill the hobgoblin!
The gnoll misses you.
The gnoll sergeant hits you but does no damage.
The gnoll sergeant hits you from afar with a +0 trident!
* * * LOW HITPOINT WARNING * * *
The gnoll hits you with a +0 club.
* * * LOW HITPOINT WARNING * * *
Unknown command.
You feel better. The gnoll closely misses you. You furiously retaliate!
You headbutt the gnoll, but do no damage.
The gnoll sergeant hits you from afar with a +0 trident!
* * * LOW HITPOINT WARNING * * *
You feel better. The gnoll misses you. The gnoll sergeant closely misses you.
You feel better. The gnoll hits you with a +0 club.
The gnoll sergeant misses you.
You feel better. The gnoll barely misses you.
The gnoll sergeant hits you from afar with a +0 trident.
Your magic is already full.
Unknown command.
You shoot an arrow. The arrow hits the gnoll.
The gnoll is severely wounded.
The gnoll hits you with a +0 club!
* * * LOW HITPOINT WARNING * * *
The gnoll sergeant hits you from afar with a +0 trident.
* * * LOW HITPOINT WARNING * * *
You shoot an arrow. The arrow hits the gnoll.
You kill the gnoll!
The gnoll sergeant barely misses you.
Fire: a) +0 shortbow
Press: ? - help, Q - select action, (/) - cycle Shift-Dir - straight line, f - gnoll sergeant
Aim: a gnoll sergeant, wielding a +0 trident and wearing a +0 ring mail (lightly wounded, 72% to hit)
You shoot an arrow.
The arrow barely misses the gnoll sergeant.
The gnoll sergeant barely misses you.
Fire: a) +0 shortbow
Press: ? - help, Q - select action, (/) - cycle Shift-Dir - straight line, f/p - gnoll sergeant
Aim: a gnoll sergeant, wielding a +0 trident and wearing a +0 ring mail (lightly wounded, 72% to hit)
You shoot an arrow.
The arrow completely misses the gnoll sergeant.
The gnoll sergeant hits you from afar with a +0 trident!
* * * LOW HITPOINT WARNING * * *
Fire: a) +0 shortbow
Press: ? - help, Q - select action, (/) - cycle Shift-Dir - straight line, f/p - gnoll sergeant
Aim: a gnoll sergeant, wielding a +0 trident and wearing a +0 ring mail (lightly wounded, 72% to hit)
Okay, then.
The gnoll sergeant misses you.
The gnoll sergeant hits you from afar with a +0 trident!
You die...

..##......# #..#
######......####..#
......'......+.....#
..#####.....)####.#####
#####....).......# #P
#.######.###.###
###♣P♣##.#.............
...♣~~~~#)#'####.###.###
...~~P~~#.@.............
..♣~~~~♣......##.###.###
.♣~~~~~.g...<.....#
..~~≈~~~...~..##.#.#
..~~~~~...~P♣.##.#.#
.♣~~~P~...~~♣♣##.# #
~~~≈≈~~....PP♣ ...
♣~P~~~~~...†~♣ .##
♣~~~P~~~..~~~♣


You could see a gnoll sergeant.

Vanquished Creatures
  Prince Ribbit (D:6)
  Sigmund (D:5)
  A black bear (D:5)
  A centaur (D:5)
  3 scorpions
  An electric eel (D:6)
  3 jellies
  An iron imp (D:5)
  2 hounds (D:5)
  2 human zombies (Ossuary)
  2 orc priests (D:6)
  2 sleepcaps
  An orc wizard (D:5)
  2 mummies (Ossuary)
  7 gnolls
  12 adders
  2 worm zombies (D:4)
  2 adder zombies (Ossuary)
  2 worms
  5 dart slugs
  8 orcs
  9 ball pythons
  7 endoplasms
  9 giant cockroaches
  8 goblins
  4 hobgoblins
  6 bats
  6 frilled lizards
  6 goblin zombies
  9 hobgoblin zombies (Ossuary)
  2 jackal zombies
  3 kobolds
  4 kobold skeletons (D:5)
  11 kobold zombies
  10 orc zombies
  5 rats
  A rat zombie (Ossuary)
161 creatures vanquished.

Vanquished Creatures (others)
  4 plants (D:6)
4 creatures vanquished.

Grand Total: 165 creatures vanquished

Notes
Turn   | Place    | Note
-------+----------+-------------------------------------------
     0 | D:1      | Darkkill the Minotaur Hunter began the quest for the Orb.
     0 | D:1      | Reached XP level 1. HP: 18/18 MP: 0/0
   148 | D:1      | Reached skill level 1 in Stealth
   277 | D:1      | Reached XP level 2. HP: 25/25 MP: 1/1
   880 | D:2      | Reached XP level 3. HP: 30/30 MP: 2/2
  1044 | D:2      | Found a runed translucent door.
  1045 | D:2      | Noticed Crazy Yiuf
  1219 | D:2      | Reached XP level 4. HP: 38/38 MP: 3/3
  1583 | D:2      | Identified a scroll of acquirement
  1584 | D:2      | Acquired 1075 gold pieces
  1750 | D:3      | Reached skill level 5 in Ranged Weapons
  1850 | D:3      | Reached XP level 5. HP: 25/46 MP: 4/4
  2010 | D:3      | Found an iron altar of Okawaru.
  2470 | D:4      | Reached XP level 6. HP: 53/53 MP: 5/5
  2470 | D:4      | Found a sand-covered staircase.
  2512 | Ossuary  | Entered an ossuary
  3070 | D:4      | Found a transporter.
  3208 | D:4      | Found a transporter.
  3355 | D:5      | Entered Level 5 of the Dungeon
  3438 | D:5      | Found a stormy altar of Qazlal.
  3463 | D:5      | Reached skill level 5 in Fighting
  3463 | D:5      | Reached skill level 6 in Ranged Weapons
  3463 | D:5      | Reached XP level 7. HP: 53/61 MP: 6/6
  3768 | D:5      | Found a sparkling altar of Nemelex Xobeh.
  3863 | D:5      | Identified the orb of Existentialism {light, Regen+}
  3888 | D:5      | Noticed Sigmund
  3902 | D:5      | Killed Sigmund
  3903 | D:5      | Reached skill level 5 in Dodging
  3912 | D:5      | Found a glowing golden altar of the Shining One.
  4089 | D:5      | Reached XP level 8. HP: 70/70 MP: 7/7
  4426 | D:6      | Noticed Prince Ribbit
  4440 | D:6      | Killed Prince Ribbit
  4441 | D:6      | Reached skill level 7 in Ranged Weapons
  4711 | D:6      | HP: 9/71 [gnoll sergeant/+0 trident (12)]
  4719 | D:6      | HP: 7/71 [gnoll sergeant/+0 trident (10)]
  4736 | D:6      | Slain by a gnoll sergeant

Illustrated notes

Levels and vault maps discovered:
D:1:      reono_arrival_mine, layout_basic
D:2:      layout_basic, uniq_crazy_yiuf_cottage
D:3:      layout_loops_cross, kennysheep_okawaru_gauntlet, patterned_corridor
D:4:      gammafunk_steamed_eel, layout_cave_pools, enter_ossuary_3
D:5:      layout_loops_cross, nicolae_tso_besieged_by_evil,
          mainiacjoe_overflow_chevrons, nemelex_diamond_rough_becter,
          uniq_sigmund
D:6:      layout_basic, mainiacjoe_overflow_alcove_4, minmay_temple_entry_wispy,
          serial_shops, shop, serial_bayou, serial_bayou_pond_d,
          serial_bayou_pond_a, serial_bayou_pond_e, serial_bayou_lagoon_b,
          serial_bayou_ford_a, serial_bayou_shore_a, hellmonk_bongcloud_opening,
          sigmund_army, uniq_grinder, uniq_prince_ribbit1

Skill      XL: |  1  2  3  4  5  6  7  8 |
---------------+-------------------------+-----
Stealth        | 1 2 3 4 |  4.8
Fighting       | 3 4 5 6 |  6.7
Dodging        | 3 4 5 6 |  6.1
Ranged Weapons | 5 6 7 |  7.3

Action                     |  1- 3 |  4- 6 |  7- 9 || total
---------------------------+-------+-------+-------++-------
   Fire: Shortbow          |    96 |   270 |   160 ||   526
    Use: Scroll            |     2 |    13 |     4 ||    19
         Potion            |       |       |     5 ||     5
 Armour: Leather armour    |     5 |    23 |    38 ||    66
  Dodge: Dodged            |    15 |    62 |   143 ||   220

Table legend: (Time is in decaauts)
 A = Elapsed time spent in this place.
 B = Non-inter-level travel time spent in this place.
 C = Inter-level travel time spent in this place.
 D = Time resting spent in this place.
 E = Time spent auto-exploring this place.
 F = Levels seen in this place.
 G = Mean time per level.
                   A        B        C        D        E       F      G
               +--------+--------+--------+--------+--------+-----+--------+
         Total |   4866 |   4780 |     86 |    100 |   3681 |   7 |  695.1 |
       Dungeon |   4349 |   4263 |     86 |    100 |   3366 |   6 |  724.8 |
       Ossuary |    517 |    517 |      0 |      0 |    315 |   1 |  517.0 |
               +--------+--------+--------+--------+--------+-----+--------+

Top non-repeatable levels by time:
     D:5: 943 daAuts
     D:1: 852 daAuts
     D:2: 805 daAuts
     D:3: 781 daAuts
 Ossuary: 517 daAuts
     D:4: 494 daAuts
     D:6: 472 daAuts

Levels and vault maps discovered:
D:1:      reono_arrival_mine, layout_basic
D:2:      layout_basic, uniq_crazy_yiuf_cottage
D:3:      layout_loops_cross, kennysheep_okawaru_gauntlet, patterned_corridor
D:4:      gammafunk_steamed_eel, layout_cave_pools, enter_ossuary_3
D:5:      layout_loops_cross, nicolae_tso_besieged_by_evil,
          mainiacjoe_overflow_chevrons, nemelex_diamond_rough_becter,
          uniq_sigmund
D:6:      layout_basic, mainiacjoe_overflow_alcove_4, minmay_temple_entry_wispy,
          serial_shops, shop, serial_bayou, serial_bayou_pond_d,
          serial_bayou_pond_a, serial_bayou_pond_e, serial_bayou_lagoon_b,
          serial_bayou_ford_a, serial_bayou_shore_a, hellmonk_bongcloud_opening,
          sigmund_army, uniq_grinder, uniq_prince_ribbit1

Table legend: (Time is in decaauts)
 A = Elapsed time spent in this place.
 B = Non-inter-level travel time spent in this place.
 C = Inter-level travel time spent in this place.
 D = Time resting spent in this place.
 E = Time spent auto-exploring this place.
 F = Levels seen in this place.
 G = Mean time per level.
                   A        B        C        D        E       F      G
               +--------+--------+--------+--------+--------+-----+--------+
         Total |   4866 |   4780 |     86 |    100 |   3681 |   7 |  695.1 |
       Dungeon |   4349 |   4263 |     86 |    100 |   3366 |   6 |  724.8 |
       Ossuary |    517 |    517 |      0 |      0 |    315 |   1 |  517.0 |
               +--------+--------+--------+--------+--------+-----+--------+

Top non-repeatable levels by time:
     D:5: 943 daAuts
     D:1: 852 daAuts
     D:2: 805 daAuts
     D:3: 781 daAuts
 Ossuary: 517 daAuts
     D:4: 494 daAuts
     D:6: 472 daAuts

Table legend:
 A = Kills in this place as a percentage of kills in the entire game.
 B = Kills by you in this place as a percentage of kills by you in the entire game.
 C = Kills by friends in this place as a percentage of kills by friends in the entire game.
 D = Other kills in this place as a percentage of other kills in the entire game.
 E = Experience gained in this place as a percentage of experience gained in the entire game.
 F = Experience gained in this place divided by the number of levels of this place that you have seen.
                   A       B       C       D       E      F
               +-------+-------+-------+-------+-------+----------------------
         Total | 100.0 | 100.0 |   N/A |   N/A | 100.0 | 301.1
       Dungeon |  76.4 |  76.4 |   N/A |   N/A |  92.4 | 324.5
       Ossuary |  23.6 |  23.6 |   N/A |   N/A |   7.6 | 161.0
               +-------+-------+-------+-------+-------+----------------------
